 Dungeon Crawl Stone Soup version 0.26-a0-257-g47e9e61525 (webtiles) character file.

Game seed: 16512789042108016437

46 Infinimo the Magician (level 3, 0/26 HPs)
             Began as a Mummy Earth Elementalist on July 10, 2020.
             Slain by a gnoll (9 damage)
             ... on level 2 of the Dungeon.
             The game lasted 00:02:01 (1902 turns).

Infinimo the Magician (Mummy Earth Elementalist)    Turns: 1902, Time: 00:02:02

Health: 0/26       AC:  4    Str: 11    XL:     3   Next: 44%
Magic:  1/7        EV: 12    Int: 15    God:
Gold:   43         SH:  0    Dex: 12    Spells: 7/8 levels left

rFire    x . .     SeeInvis .   j - +1 hand axe (vamp)
rCold    + . .     Faith    .   (no shield)
rNeg     + + +     Spirit   .   c - +0 robe
rPois    ∞         Reflect  .   i - +2 hat
rElec    .         Harm     .   (no cloak)
rCorr    .                      (no gloves)
MR       .....                  (no boots)
Stlth    ++........             (no amulet)
HPRegen  0.08/turn              (no ring)
MPRegen  0.10/turn              (no ring)

@: very slightly contaminated
A: no food or potions, fire vulnerability, cold resistance 1, negative energy
resistance 3, torment resistance, unbreathing
a: no special abilities


You were on level 2 of the Dungeon.
You were not hungry.

You visited 1 branch of the dungeon, and saw 2 of its levels.

You collected 43 gold pieces.

Inventory:

Hand Weapons
 d - a +0 short sword
 j - a +1 vampiric hand axe (weapon)
Missiles
 b - 41 stones (quivered)
Armour
 c - a +0 robe (worn)
 i - a +2 hat (worn)
Scrolls
 a - a scroll of remove curse
 g - 3 scrolls of identify
 h - a scroll of immolation


   Skills:
 + Level 1.3 Fighting
 - Level 1.5 Dodging
 - Level 1.5 Stealth
 + Level 3.3 Spellcasting
   Level 0.7 Transmutations
 * Level 3.2 Earth Magic


You had 7 spell levels left.
You knew the following spells:

 Your Spells              Type           Power        Failure   Level
a - Sandblast             Erth           ##....       5%          1

Your spell library contained the following spells:

 Spells                   Type           Power        Failure   Level
 Passwall                 Tmut/Erth      #.......     13%         2
 Stone Arrow              Conj/Erth      #.....       30%         3
 Petrify                  Tmut/Erth      #.......     65%         4
 Lee's Rapid Deconstruct  Erth           ##........   82%         5


Dungeon Overview and Level Annotations

Branches:
Dungeon (2/15)

Altars:


Innate Abilities, Weirdness & Mutations

You do not eat or drink.
Your flesh is vulnerable to fire.
You are immune to poison.
Your flesh is cold resistant. (rC+)
You are immune to negative energy. (rN+++)
You are immune to unholy pain and torment.
You can survive without breathing.


Message History

The gnoll is lightly wounded.
b - 43 stones
Casting: Sandblast (safe; 5% risk of failure)
Confirm with . or Enter, or press ? or * to list all spells.
Aiming: Sandblast (safe; 5% risk of failure)
Press: ? - help, Shift-Dir - straight line, f/p - gnoll
Aim: a gnoll (lightly wounded)
The blast of sand hits the gnoll!
The gnoll is severely wounded.
b - 42 stones The gnoll hits you.
Casting: Sandblast (safe; 5% risk of failure)
Confirm with . or Enter, or press ? or * to list all spells.
Aiming: Sandblast (safe; 5% risk of failure)
Press: ? - help, Shift-Dir - straight line, f/p - gnoll
Aim: a gnoll (severely wounded)
The blast of sand misses the gnoll.
b - 41 stones The gnoll hits you!
You die...

#.# ######.#. #.#
#.#. #.# #.#. #.#
#.#.
##.########.#.
#.>.........#. #
#)############
....#######!#...#
# #....@g†(...# #
#.#######...#
#...# #g.)# #...#
#.... #...##
....# ##..#


You could see a gnoll.

Vanquished Creatures
  A gnoll (D:2)
  3 oozes (D:1)
  2 leopard geckos (D:1)
  A ball python (D:2)
  5 bats
  2 goblins (D:1)
  A hobgoblin (D:1)
  4 frilled lizards
  5 kobolds
  2 rats (D:1)
26 creatures vanquished.

Notes
Turn   | Place    | Note
-------+----------+-------------------------------------------
     0 | D:1      | Infinimo the Mummy Earth Elementalist began the quest for
                  | the Orb.
     0 | D:1      | Reached XP level 1. HP: 13/13 MP: 4/4
   610 | D:1      | Reached XP level 2. HP: 6/20 MP: 1/5
  1087 | D:1      | Reached skill level 1 in Fighting
  1270 | D:1      | Reached XP level 3. HP: 11/26 MP: 5/7
  1902 | D:2      | Slain by a gnoll

Illustrated notes

Levels and vault maps discovered:
D:1:      dpeg_arrival_tiny_f, layout_basic
D:2:      layout_basic

Skill      XL: |  1  2 |
---------------+-------+-----
Spellcasting   | 3 |  3.3
Fighting       | 1 |  1.3
Earth Magic    | 3 |  3.2
Dodging        | |  1.5
Stealth        | |  1.5
Transmutations | |  0.7

Action                   || total
-------------------------++-------
Melee: Unarmed           ||    22
       Short sword       ||    30
       Hand axe          ||    13
 Cast: Sandblast         ||    17
  Use: Scroll            ||     4
 Stab: Sleeping          ||     4
Armor: Robe              ||    15
Dodge: Dodged            ||    58

Table legend:
 A = Non-vault XP
 B = Vault XP
 C = Vault XP percentage of total XP
 D = Non-vault monster count
 E = Vault monster count
 F = Vault count percentage of total count
                 A         B        C        D         E       F
            +---------+---------+-------+---------+---------+-------
      Total |      66 |       0 |   0.0 |      26 |       0 |   0.0
            +---------+---------+-------+---------+---------+-------
        D:1 |      45 |       0 |   0.0 |      20 |       0 |   0.0
        D:2 |      21 |       0 |   0.0 |       6 |       0 |   0.0
            +---------+---------+-------+---------+---------+-------
